 Dungeon Crawl Stone Soup version 0.30-a0-900-g23479c02f2 (webtiles) character file.

Game seed: 10288684110655450997

12098 timneilson the Blocker (level 11, -9/67 HPs)
             Began as a Gargoyle Fighter on Mar 18, 2023.
             Was a High Priest of Okawaru.
             Killed from afar by an efreet (27 damage)
             ... with a fireball
             ... on level 9 of the Dungeon.
             The game lasted 00:25:10 (9538 turns).

timneilson the Blocker (Gargoyle Fighter)           Turns: 9538, Time: 00:25:10

Health: -9/67      AC: 31    Str: 21    XL:     11   Next: 88%
Magic:  14/14      EV:  9    Int:  8    God:    Okawaru [*****.]
Gold:   534        SH:  7    Dex: 19    Spells: 10/10 levels left

rFire   . . .      SeeInvis .    d - +0 scimitar (flame)
rCold   . . .      Faith    .    c - +0 buckler
rNeg    + . .      Spirit   .    b - +0 plate armour
rPois   ∞          Reflect  .    m - +0 helmet
rElec   +          Rampage  .    (no cloak)
rCorr   .                        g - +2 pair of gloves
Will    .....                    (no boots) Stlth
                                 r - amulet of regeneration
HPRegen 1.11/turn                q - +4 ring of protection
MPRegen 0.14/turn                y - +6 ring of dexterity

@: no status effects
A: sickness immunity, AC +8, negative energy resistance 1, electricity
resistance, torment resistance 1, petrification resistance
a: Renounce Religion, Heroism, Finesse, Duel


You were on level 9 of the Dungeon.
You worshipped Okawaru.
Okawaru was extremely pleased with you.
You visited 1 branch of the dungeon, and saw 9 of its levels.

You collected 534 gold pieces.

Inventory:

Hand Weapons
 a - a +1 long sword
 d - a +0 scimitar of flaming (weapon)
 u - a +0 scimitar
Armour
 b - a +0 plate armour (worn)
 c - a +0 buckler (worn)
 g - a +2 pair of gloves (worn)
 m - a +0 helmet (worn)
Jewellery
 q - a +4 ring of protection (left hand)
 r - an amulet of regeneration (around neck)
 y - a +6 ring of dexterity (right hand)
 A - a +6 ring of intelligence
Wands
 n - a wand of paralysis (24)
 v - a wand of mindburst (7)
 x - a wand of polymorph (3)
 E - a wand of flame (11)
Scrolls
 o - 4 scrolls of teleportation
 p - 4 scrolls of magic mapping
 z - 2 scrolls of silence {unknown}
 B - a scroll of torment {unknown}
 C - a scroll of immolation {unknown}
 D - 2 scrolls of blinking
Potions
 e - 2 potions of curing
 f - 2 potions of invisibility
 h - a potion of haste {unknown}
 i - 3 potions of cancellation {unknown}
 j - a potion of mutation {unknown}
 k - 3 potions of attraction
 l - a potion of berserk rage {unknown}
 s - 2 potions of resistance {unknown}
 t - 2 potions of flight {unknown}
 w - a potion of might


   Skills:
 + Level 7.4 Fighting
 * Level 8.1 Long Blades
 * Level 10.0 Armour
 + Level 4.8 Dodging
 * Level 10.1 Shields
 + Level 4.9 Invocations
 + Level 5.0 Evocations


You had 10 spell levels left.
You didn't know any spells.
Your spell library contained the following spells:

 Spells                   Type           Power      Damage    Failure   Level
 Magic Dart               Conj           0%         1d3       100%        1
 Ensorcelled Hibernation  Hex/Ice        0%         N/A       100%        2
 Passwall                 Tmut/Erth      0%         N/A       100%        2
 Searing Ray              Conj           0%         2d4       100%        2
 Frozen Ramparts          Ice            0%         1d1       100%        3
 Ignite Poison            Fire/Tmut/Pois 0%         N/A       100%        3
 Kindle Blastsparks       Fire/Tloc/Air  0%         2d10      100%        3
 Ozocubu's Armour         Ice            0%         N/A       100%        3
 Swiftness                Air            0%         N/A       100%        3
 Fulminant Prism          Conj/Hex       0%         3d5       100%        4
 Ice Form                 Ice/Tmut       0%         N/A       100%        4
 Freezing Cloud           Conj/Ice/Air   0%         6-21      100%        5
 Ozocubu's Refrigeration  Ice            0%         4d7       100%        7
 Summon Ice Beast         Ice/Summ       Unusable   N/A       N/A         4

Dungeon Overview and Level Annotations

Branches:
Dungeon (9/15)             Temple (0/1) D:6            Lair (0/5) D:9
    Orc: D:9-12

Altars:
Cheibriados
Dithmenos
Gozag
Hepliaklqana
Makhleb
Okawaru
Ru
Trog
Vehumet
Wu Jian
Yredelemnul
Zin
The Shining One

Shops:
D:1 ((?

Annotations:
D:5 1 runed translucent door
D:7 2 transporters, Bediveer's ghost, novice FoHu
D:9 2 runed translucent doors


Innate Abilities, Weirdness & Mutations

You are immune to sickness and miasma.
Your stone body is resilient. (AC +8)
You are immune to poison.
You resist negative energy. (rN+)
You are resistant to electric shocks. (rElec)
You are resistant to unholy torment.
You are immune to petrification.


Message History

You block the troll's attack. The troll claws you but does no damage.
The troll barely misses you.
You slash the troll! You burn the troll.
The troll is almost dead.
The troll closely misses you. The troll claws you but does no damage.
The troll claws you.
You slash the troll! You burn the troll.
You kill the troll!
Okawaru accepts your kill.
You see here a troll corpse.
Press: ? - help, v - describe, . - travel
Here: an efreet, wielding a +1 scimitar of flaming (fire blocked by a translucent stone wall)
The floor.
Unknown command.
Items here: ! $$ ?.
F - a potion of heal wounds You feel much better.
The efreet hits you with a +1 scimitar of flaming.
The efreet burns you.
You barely miss the efreet. The efreet gestures at you.
The bolt of fire hits you!!
You hit the efreet but do no damage. You block the efreet's attack.
You barely miss the efreet. The efreet closely misses you.
You slash the efreet!
The efreet is lightly wounded.
The efreet gestures at you. The bolt of fire hits you!!
* * * LOW HITPOINT WARNING * * *
You hit the efreet.
The efreet is moderately wounded.
You block the efreet's attack.
You slash the efreet!
The efreet is heavily wounded.
The efreet barely misses you.
You slash the efreet!
The efreet is almost dead.
The efreet gestures at you.
The fireball explodes!
The fireball engulfs you!!
You die...

#...##..#.##.#YW###.#...##.......
....#.....##.+YY+.#..............
....'....#####B.#.##..(.....##..#
#...#....#########.#....#######'#
######..##.........##...##..##..#
#...##.##.######## .##..#...#...#
....#..#..# ..##.+...+...#
#...#.##)###########.##[#...##..#
#.....#.#'.†....@R.'#.#)....##..#
.....##.##.###.###.##.##....###'#
.....#...##.#!.$#.##.#.#....##..#
#...##.#.##.##.##.##...##...##..[
#...#.....##.#[#.##.#.#.#...##...
...##.#.#.##.###.##.....##..#....
...#.......##.#.##(#.#.#.#..##..#
#.##.##.##.##.#.##.......##.##..#
#†#..##.##..##.##.#.#.#.#.#..#...


You could see an efreet.

Vanquished Creatures
  A centaur warrior (D:9)
  The ghost of oldplebian the Trooper, a novice HOCA of Ignis (D:5)
  A cyclops (D:9)
  Maggie (D:6)
  An efreet (D:9)
  A kobold demonologist (D:9)
  2 meliai (D:9)
  2 trolls
  Sigmund (D:3)
  3 slime creatures
  2 wyverns (D:8)
  17 yaks
  A wraith (D:8)
  A basilisk (D:8)
  A steam dragon (D:5)
  An acid dragon (D:9)
  5 water moccasins
  Duvessa (D:6)
  2 orc warriors
  3 sky beasts
  A black bear (D:4)
  3 ice beasts
  3 ogres
  5 centaurs
  A phantom (D:6)
  5 kobold brigands
  4 bullfrogs
  11 scorpions
  4 wights
  Dowan (D:6)
  2 killer bees (D:5)
  11 howler monkeys
  A crimson imp (D:3)
  3 quasits (D:5)
  3 orc priests
  3 hounds
  11 jellies
  4 iguanas
  3 sleepcaps
  4 orc wizards
  Ijyb (D:3)
  7 gnolls
  12 adders
  2 shadow imps
  A white imp (D:8)
  3 worms
  3 dart slugs
  40 orcs
  7 ball pythons
  6 bats
  11 endoplasms
  11 giant cockroaches
  3 goblins
  4 hobgoblins
  A jackal (D:4)
  22 kobolds
  3 quokkas
  3 frilled lizards (D:2)
  A goblin zombie (D:3)
  3 hobgoblin zombies (D:3)
  2 kobold skeletons (D:3)
  3 kobold zombies (D:3)
  An orc skeleton (D:3)
  2 orc zombies (D:3)
  4 rats
287 creatures vanquished.

Vanquished Creatures (others)
  6 fungi
  5 plants (D:9)
  7 toadstools (D:6)
18 creatures vanquished.

Grand Total: 305 creatures vanquished

Notes
Turn   | Place    | Note
-------+----------+-------------------------------------------
     0 | D:1      | timneilson the Gargoyle Fighter began the quest for the
                  | Orb.
     0 | D:1      | Reached XP level 1. HP: 14/14 MP: 1/1
   127 | D:1      | Reached XP level 2. HP: 19/19 MP: 2/2
   154 | D:1      | Found Ulosou's Weapon Boutique.
   214 | D:1      | Found Boklaw's Antique Weapon Emporium.
   434 | D:1      | Found Caatol's Magic Scroll Emporium.
   594 | D:2      | Reached XP level 3. HP: 23/23 MP: 3/3
   708 | D:2      | Found a sacrificial altar of Ru.
   892 | D:2      | Reached XP level 4. HP: 24/28 MP: 4/4
  1635 | D:2      | Reached skill level 1 in Dodging
  1635 | D:2      | Reached XP level 5. HP: 15/33 MP: 5/5
  2077 | D:3      | Noticed an ice beast
  2085 | D:3      | Killed an ice beast
  2086 | D:3      | Reached XP level 6. HP: 38/38 MP: 6/6
  2090 | D:3      | Noticed Ijyb
  2093 | D:3      | Paralysed by Ijyb for 3 turns
  2102 | D:3      | Killed Ijyb
  2342 | D:3      | Found a glowing golden altar of the Shining One.
  2346 | D:3      | Noticed Sigmund
  2380 | D:3      | Killed Sigmund
  2381 | D:3      | Reached skill level 5 in Armour
  2381 | D:3      | Reached skill level 5 in Shields
  2381 | D:3      | Reached XP level 7. HP: 35/43 MP: 7/7
  2721 | D:4      | Reached skill level 1 in Evocations
  3341 | D:4      | Reached XP level 8. HP: 39/48 MP: 8/8
  3522 | D:4      | Found an ornate altar of the Wu Jian Council.
  3681 | D:4      | Found a bloodstained altar of Trog.
  3749 | D:5      | Entered Level 5 of the Dungeon
  3757 | D:5      | Found a transporter.
  3761 | D:5      | Noticed oldplebian's ghost (novice HOCA)
  3947 | D:5      | Found a transporter.
  4173 | D:5      | Reached skill level 5 in Fighting
  4173 | D:5      | Reached skill level 5 in Long Blades
  4323 | D:5      | Reached XP level 9. HP: 27/54 MP: 9/9
  4446 | D:5      | Found a runed translucent door.
  4448 | D:5      | Found a runed translucent door.
  4570 | D:5      | Found a hazy altar of Hepliaklqana.
  4571 | D:5      | Found a shadowy altar of Dithmenos.
  4669 | D:5      | Found an iron altar of Okawaru.
  4676 | D:5      | Became a worshipper of Warmaster Okawaru
  4737 | D:5      | Found an opulent altar of Gozag.
  4977 | D:5      | Reached skill level 1 in Invocations
  5150 | D:6      | Reached * piety under Okawaru
  5237 | D:6      | Found a staircase to the Ecumenical Temple.
  5239 | D:6      | Noticed Maggie
  5339 | D:6      | Killed Maggie
  5430 | D:6      | Identified the +4 great sword of Mastery {heavy, Contam rC+
                  | rN+ Str+3}
  5709 | D:6      | Reached ** piety under Okawaru
  5710 | D:6      | Reached XP level 10. HP: 47/60 MP: 11/11
  5859 | D:6      | Identified the +0 leather armour "Kuun Vecw" {rF++ rCorr
                  | Str-5}
  5872 | D:6      | Noticed Duvessa
  5873 | D:6      | Noticed Dowan
  5891 | D:6      | Killed Duvessa
  5925 | D:6      | Killed Dowan
  6688 | D:6      | Reached *** piety under Okawaru
  6955 | D:7      | Noticed Bediveer's ghost (novice FoHu)
  6959 | D:7      | Found a transporter.
  6964 | D:7      | Identified the ring "Feloynu" {rPois rN+++ Will+ Str-5
                  | Int+4}
  6968 | D:7      | Noticed a boulder beetle
  7062 | D:7      | Found a transporter.
  7228 | D:7      | Found a basalt altar of Yredelemnul.
  7228 | D:7      | Found a burning altar of Makhleb.
  7417 | D:5      | Killed oldplebian's ghost
  7981 | D:8      | Found a radiant altar of Vehumet.
  8180 | D:8      | Found a snail-covered altar of Cheibriados.
  8565 | D:8      | Reached XP level 11. HP: 66/66 MP: 13/13
  8649 | D:8      | Reached **** piety under Okawaru
  8964 | D:9      | Noticed a cyclops
  9012 | D:9      | Killed a cyclops
  9115 | D:9      | Found a staircase to the Lair.
  9138 | D:9      | Found a glowing silver altar of Zin.
  9280 | D:9      | Found a runed translucent door.
  9280 | D:9      | Found a runed translucent door.
  9280 | D:9      | Noticed a boulder beetle
  9459 | D:9      | Noticed a centaur warrior
  9488 | D:9      | Killed a centaur warrior
  9489 | D:9      | Reached skill level 10 in Shields
  9505 | D:9      | Reached ***** piety under Okawaru
  9511 | D:9      | Reached skill level 10 in Armour
  9511 | D:9      | Reached skill level 5 in Evocations
  9538 | D:9      | Killed from afar by an efreet

Illustrated notes

Levels and vault maps discovered:
D:1:      giann_wishing_wells, layout_basic, serial_shops,
          nicolae_shop_waterfront, shop, nicolae_shop_stone, solitary_fountain,
          minmay_distorted
D:2:      layout_loops_corners, basic_altar, minmay_cupped
D:3:      layout_loops_ring, nicolae_tso_besieged_by_evil, uniq_ijyb,
          uniq_sigmund
D:4:      cheibrodos_barr_body, layout_basic, mainiacjoe_overflow_alcove_4,
          nicolae_wu_jian_immortal_techniques
D:5:      lemuel_insect_pit, layout_basic, riverfiend_overflow_shadow_ancestor,
          lemuel_round_altar, nicolae_gozag_seed_capital,
          gammafunk_ghost_stat_death
D:6:      cheibrodos_fertilizer, layout_layer_cave,
          minmay_temple_entry_overgrown, uniq_duvessa, uniq_maggie
D:7:      layout_rooms, gammafunk_temple_overflow_statue, nzn_ghost_randoct
D:8:      layout_loops_corners, cheibriados_altar_1, fiery_altar_vehumet,
          dreamdust_princess_bridge
D:9:      minmay_the_grid_triangle_9x9_recursive_2
          [minmay_the_grid_triangle_9x9_prize_top_heavy,
          minmay_the_grid_triangle_9x9_sparse_checkered,
          minmay_the_grid_triangle_9x9_descending_squares,
          minmay_the_grid_triangle_9x9_tough_junction], layout_gridville,
          mainiacjoe_overflow_catwalk, minmay_lair_entry_grove

Skill      XL: |  1  2  3  4  5  6  7  8  9 10 11 |
---------------+----------------------------------+-----
Long Blades    | 2 3 4 5 6 7 8 |  8.1
Armour         | 4 5 6 7 9 10 | 10.0
Shields        | 4 5 6 7 9 10 | 10.1
Dodging        | 1 2 3 4 |  4.8
Fighting       | 4 5 6 7 |  7.4
Evocations     | 1 2 3 4 5 |  5.0
Invocations    | 2 3 4 |  4.9

Action                     |  1- 3 |  4- 6 |  7- 9 | 10-12 || total
---------------------------+-------+-------+-------+-------++-------
  Melee: Long sword        |    94 |   209 |   599 |   298 ||  1200
         Scimitar          |       |       |       |   457 ||   457
 Invoke: Heroism           |       |       |       |     7 ||     7
         Finesse           |       |       |       |     1 ||     1
  Evoke: Wand              |       |       |       |     2 ||     2
    Use: Scroll            |     3 |     1 |     3 |     5 ||    12
         Potion            |       |     2 |     6 |     7 ||    15
   Stab: Invisible         |       |       |     4 |       ||     4
 Armour: Scale mail        |    40 |   130 |    48 |       ||   218
         Chain mail        |       |       |   364 |    73 ||   437
         Plate armour      |       |       |       |   413 ||   413
  Dodge: Dodged            |    41 |   126 |   266 |   291 ||   724
  Block: Buckler           |    23 |    58 |   182 |   251 ||   514

Table legend: (Time is in decaauts)
 A = Elapsed time spent in this place.
 B = Non-inter-level travel time spent in this place.
 C = Inter-level travel time spent in this place.
 D = Time resting spent in this place.
 E = Time spent auto-exploring this place.
 F = Levels seen in this place.
 G = Mean time per level.
                   A        B        C        D        E       F      G
               +--------+--------+--------+--------+--------+-----+--------+
         Total |   9796 |   9435 |    361 |    280 |   5555 |   9 | 1088.4 |
       Dungeon |   9796 |   9435 |    361 |    280 |   5555 |   9 | 1088.4 |
               +--------+--------+--------+--------+--------+-----+--------+

Top non-repeatable levels by time:
     D:6: 1670 daAuts
     D:5: 1554 daAuts
     D:8: 1349 daAuts
     D:4: 1283 daAuts
     D:2: 1177 daAuts
     D:3: 842 daAuts
     D:9: 693 daAuts
     D:7: 631 daAuts
     D:1: 594 daAuts
